cohdb
Replays
Latest Replays
All Replays
Popular Replays
Top Player Replays
Match Explorer
How It Works
Community
CoH3 Stats
Reddit
Sign in to upload your games and track your stats! →
Sign in with Steam
Match 36610112
Unlisted
Match 36610112
Overview
Messages
Build Orders
End
Engineer Squad
Construct Barracks
Riflemen Squad
Selects Advanced Infantry Battlegroup
Riflemen Squad
M1 Mortar Team
Selects Convert to Ranger Squad
Ranger Squad
Infantry Support Center
Convert to Ranger Squad
Selects Frontline Medical Station
Frontline Medical Station
Convert to Ranger Squad
Selects Infantry Assault
Selects Ammunition Storage
Engineer Squad
Infantry Assault
Construct Tank Depot
Selects M2A1 105mm Howitzer Emplacement
Selects Free Fire Drills
Infantry Assault
M18 Hellcat Tank Destroyer
Infantry Assault
M18 Hellcat Tank Destroyer
Zippi
Top Lobster
Volvo 240
tuerkat
UH|dun! ツ
UH|ck
UH|XTC
iceman
0
0
Comments
sign in to comment!
No comments posted yet!